 Dungeon Crawl Stone Soup version 0.29-a0-464-g50448035db (webtiles) character file.

Game seed: 14165184058371940801

683 Kenran the Slasher (level 7, -3/48 (54) HPs)
             Began as a Vampire Berserker on May 21, 2022.
             Was a Believer of Trog.
             Slain by a wight
             ... wielding a +0 hand axe
              (7 damage)
             ... on level 7 of the Dungeon.
             The game lasted 00:06:43 (2441 turns).

Kenran the Slasher (Vampire Berserker)              Turns: 2441, Time: 00:06:43

HP:   -3/48 (54)    AC: 15    Str: 18    XL:     7   Next: 35%
MP:   7/7           EV:  8    Int: 10    God:    Trog [**....]
Gold: 169           SH:  0    Dex: 13    Spells: 6/6 levels left

rFire   + . .      SeeInvis +   a - +7 Throatcutter {drain, coup de grace}
rCold   . . .      Faith    .   (no shield)
rNeg    . . .      Spirit   .   n - +2 chain mail {rF+}
rPois   +          Reflect  .   (no helmet)
rElec   .          Harm     .   (no cloak)
rCorr   .          Rampage  .   (no gloves)
Will    .....                   (no boots)
Stlth   ..........              (no amulet)
HPRegen 0.36/turn               e - ring of poison resistance
MPRegen 0.10/turn               i - +4 ring of protection

@: on berserk cooldown, healing quickly, slowed, heavily drained, very slow
A: alive, fangs 3, see invisible, vampiric 2
a: Exsanguinate, Renounce Religion, Berserk, Trog's Hand


You were on level 7 of the Dungeon.
You worshipped Trog.
Trog was pleased with you.
You visited 1 branch of the dungeon, and saw 5 of its levels.

You collected 239 gold pieces.
You spent 70 gold pieces at shops.

Inventory:

Hand Weapons
 a - the +7 Throatcutter (weapon) {drain, coup de grace}
   (You took it off Terence on level 3 of the Dungeon)

   A truly terrible weapon, it drains the life of any living foe it strikes.
   It may instantly kill foes which have little health.
Armour
 n - a +2 chain mail of fire resistance (worn)
Jewellery
 e - a ring of poison resistance (left hand)
 i - a +4 ring of protection (right hand)
 q - a ring of magical power
Wands
 p - a wand of polymorph (12)
Scrolls
 b - a scroll of poison {unknown}
 d - a scroll of enchant armour
 f - a scroll of blinking {unknown}
 g - a scroll of teleportation
 h - a scroll of identify {@r1}
 o - a scroll of brand weapon {unknown}
 r - a scroll of fog {unknown}
Potions
 c - a potion of magic {unknown}
 j - a potion of attraction {unknown}
 k - a potion of curing {@q1}
 l - a potion of degeneration {unknown}
 m - a potion of heal wounds {unknown}
 s - a potion of flight {unknown}
 t - a potion of haste {unknown}


   Skills:
 - Level 4.0 Fighting
 + Level 7.3 Long Blades
 + Level 3.1 Armour
 - Level 2.1 Dodging


You had 6 spell levels left.
You didn't know any spells.
Your spell library was empty.

Dungeon Overview and Level Annotations

Branches:
Dungeon (4/15)
 Temple: D:4-7

Altars:
Cheibriados
Dithmenos

Shops:
D:1 ?   D:3 (


Innate Abilities, Weirdness & Mutations

Your natural rate of healing is accelerated.
You have razor-sharp teeth.
You have supernaturally acute eyesight. (SInv)
You are afflicted with vampirism and can become a bat while bloodless.


Message History

You destroy the wight!
Trog accepts your kill.
The wight hits you from afar with a +0 trident!
Your life force feels restored.
Your Armour skill increases to level 3!
You completely miss the wight. The wight hits you but does no damage.
The wight barely misses you.
You closely miss the wight. You closely miss the wight.
The wight hits you from afar with a +0 trident.
You feel drained. The wight barely misses you.
You hit the wight.
The wight is moderately damaged.
The wight hits you from afar with a +0 trident.
* * * LOW HITPOINT WARNING * * *
The wight hits you with a +0 hand axe.
* * * LOW HITPOINT WARNING * * *
You feel drained.
* * * LOW HITPOINT WARNING * * *
You barely miss the wight.
The wight is moderately damaged.
The wight hits you from afar with a +0 trident.
* * * LOW HITPOINT WARNING * * *
You feel drained.
* * * LOW HITPOINT WARNING * * *
The wight hits you with a +0 hand axe.
* * * LOW HITPOINT WARNING * * *
You feel drained.
You slash the wight!
The wight is almost destroyed.
You closely miss the wight.
The wight is almost destroyed.
You are no longer berserk.
You are exhausted.
You feel yourself slow down. The wight barely misses you.
The wight hits you but does no damage.
You closely miss the wight. Your punch misses the wight.
The wight is almost destroyed.
The wight hits you with a +0 hand axe!
You die...

#####.#...$.# #.#.#####
z# #.# . .. #.# ## ##.
#)# .y #.# .# # $
########.#### ##.#.#...
#...........###z......#
####...........'@zy.#
...............######
.....########### .....#
.[...# .....# .....#
######


You could see a killer bee and 2 wights.

Vanquished Creatures
  Sigmund (D:3)
  A bullfrog (D:4)
  2 wights (D:7)
  4 killer bees (D:7)
  An orc priest (D:3)
  Ijyb (D:3)
  Terence (D:3)
  3 adders (D:2)
  A worm (D:2)
  A dart slug (D:1)
  4 orcs
  7 bats
  6 endoplasms
  4 giant cockroaches
  7 goblins
  12 hobgoblins
  2 quokkas
  10 ball pythons
  3 frilled lizards
  A kobold (D:4)
  5 rats
77 creatures vanquished.

Notes
Turn   | Place    | Note
-------+----------+-------------------------------------------
     0 | D:1      | Kenran the Vampire Berserker began the quest for the Orb.
     0 | D:1      | Reached XP level 1. HP: 17/17 MP: 1/1
   210 | D:1      | Reached XP level 2. HP: 23/23 MP: 2/2
   210 | D:1      | Found a faded altar of an unknown god.
   402 | D:1      | Reached skill level 4 in Long Blades
   622 | D:1      | Found Ciczamn's Magic Scroll Boutique.
   633 | D:1      | Bought a scroll of teleportation for 42 gold pieces
   633 | D:1      | Bought a scroll of identify for 28 gold pieces
   705 | D:2      | Gained mutation: You are afflicted with vampirism and can
                  | become a bat while bloodless. [Vampire growth]
   705 | D:2      | Reached XP level 3. HP: 28/28 MP: 3/3
   916 | D:2      | Reached ** piety under Trog
   952 | D:2      | Found a snail-covered altar of Cheibriados.
  1022 | D:2      | Reached XP level 4. HP: 35/35 MP: 4/4
  1391 | D:3      | Found a shadowy altar of Dithmenos.
  1407 | D:3      | Noticed Sigmund
  1419 | D:3      | Killed Sigmund
  1420 | D:3      | Reached skill level 6 in Long Blades
  1420 | D:3      | Reached XP level 5. HP: 41/41 MP: 5/5
  1560 | D:3      | Reached XP level 6. HP: 46/47 MP: 6/6
  1628 | D:3      | Noticed Terence
  1637 | D:3      | Killed Terence
  1726 | D:3      | Found Piozeb's Weapon Emporium.
  1879 | D:3      | Noticed Ijyb
  1889 | D:3      | Killed Ijyb
  2340 | D:4      | You fall into a shaft and drop 3 floors!
  2416 | D:7      | Reached skill level 7 in Long Blades
  2416 | D:7      | Reached XP level 7. HP: 42/54 MP: 7/7
  2441 | D:7      | Slain by a wight

Illustrated notes

Levels and vault maps discovered:
D:1:      dpeg_arrival_arbitrary_c, layout_loops_cross,
          hellmonk_ecumenical_altar_pennies_from_heaven, serial_shops, shop,
          minmay_pentomino_s2
D:2:      layout_basic, basic_altar
D:3:      layout_rooms, serial_shops, nicolae_shop_behind_doors,
          kennysheep_flooded_box, minmay_bisected, uniq_terence, uniq_ijyb,
          uniq_sigmund
D:4:      layout_gridville, uniq_natasha
D:7:      layout_basic

Skill      XL: |  1  2  3  4  5  6  7 |
---------------+----------------------+-----
Long Blades    | 4 6 7 |  7.3
Fighting       | 3 4 |  4.0
Armour         | 2 3 |  3.1
Dodging        | |  2.1

Action                   |  1- 3 |  4- 6 |  7- 9 || total
-------------------------+-------+-------+-------++-------
Melee: Falchion          |   127 |    39 |       ||   166
       Bite              |     7 |     8 |     2 ||    17
       Punch             |     1 |     1 |     1 ||     3
       Long sword        |       |    56 |    22 ||    78
Invok: Berserk           |       |     3 |     1 ||     4
  Use: Scroll            |     2 |     1 |       ||     3
       Potion            |       |       |     1 ||     1
Armor: Chain mail        |    91 |    62 |    12 ||   165
       Skin              |       |     3 |       ||     3
Dodge: Dodged            |    45 |    45 |    10 ||   100

Table legend: (Time is in decaauts)
 A = Elapsed time spent in this place.
 B = Non-inter-level travel time spent in this place.
 C = Inter-level travel time spent in this place.
 D = Time resting spent in this place.
 E = Time spent auto-exploring this place.
 F = Levels seen in this place.
 G = Mean time per level.
                   A        B        C        D        E       F      G
               +--------+--------+--------+--------+--------+-----+--------+
         Total |   2478 |   2415 |     63 |    195 |   1609 |   5 |  495.6 |
       Dungeon |   2478 |   2415 |     63 |    195 |   1609 |   5 |  495.6 |
               +--------+--------+--------+--------+--------+-----+--------+

Top non-repeatable levels by time:
     D:3: 718 daAuts
     D:1: 700 daAuts
     D:2: 696 daAuts
     D:4: 266 daAuts
     D:7: 98 daAuts
